 Dungeon Crawl Stone Soup version 0.25-a0-668-gea548f19b6 (console) character file.

Game seed: 11081734798750233197, levelgen mode: deterministic

4 Gorlak the Conjurer (level 1, -2/13 HPs)
             Began as a Human Conjurer on Mar 28, 2020.
             Slain by a hobgoblin
             ... wielding a +0 mace
              (5 damage)
             ... on level 1 of the Dungeon.
             The game lasted 00:04:04 (280 turns).

Gorlak the Conjurer (Human Conjurer)                 Turns: 280, Time: 00:04:05

Health: -2/13      AC:  2    Str:  8    XL:     1   Next: 66%
Magic:  0/3        EV: 12    Int: 15    God:
Gold:   51         SH:  0    Dex: 13    Spells: 3/4 levels left

rFire    . . .     SeeInvis .   e - +1 dagger (freeze)
rCold    . . .     Gourm    .   (no shield)
rNeg     . . .     Faith    .   a - +0 robe
rPois    +         Spirit   .   (no helmet)
rElec    .         Reflect  .   (no cloak)
rCorr    .         Harm     .   (no gloves)
MR       .....                  (no boots)
Stlth    ++........             (no amulet)
HPRegen  0.04/turn              j - ring of poison resistance
MPRegen  0.08/turn              (no ring)

@: about to teleport
A: no striking features
a: no special abilities


You were on level 1 of the Dungeon.
You were not hungry.

You visited 1 branch of the dungeon, and saw 1 of its levels.

You collected 51 gold pieces.

Inventory:

Hand Weapons
 d - a +0 dagger
 e - a +1 dagger of freezing (weapon)
 g - a +0 club
 l - a +0 mace
Armour
 a - a +0 robe (worn)
 b - a +0 ring mail
Jewellery
 i - a -3 ring of protection
 j - a ring of poison resistance (left hand)
Potions
 k - a potion of cancellation {unknown}
Comestibles
 c - a ration
 h - 4 chunks of flesh


   Skills:
 - Level 2.0 Dodging
 - Level 2.0 Stealth
 + Level 2.3 Spellcasting
 - Level 4.0 Conjurations


You had 3 spell levels left.
You knew the following spells:

 Your Spells              Type           Power        Failure   Level  Hunger
a - Magic Dart            Conj           ##..         4%          1    #......

Your spell library contained the following spells:

 Spells                   Type           Power        Failure   Level  Hunger
 Searing Ray              Conj           ##....       6%          2    ###....
 Dazzling Flash           Conj/Hex       #.....       28%         3    ###....
 Fulminant Prism          Conj/Hex       #.........   67%         4    #####..
 Iskenderun's Mystic Bla  Conj/Tloc      #.......     67%         4    #####..


Dungeon Overview and Level Annotations

Branches:
Dungeon (1/15)

Altars:


Message History

The hobgoblin is severely wounded.
The jackal barely misses you.
Casting: Magic Dart (safe; 4% risk of failure)
Confirm with . or Enter, or press ? or * to list all spells.
Aiming: Magic Dart (safe; 4% risk of failure)
Press: ? - help, Shift-Dir - straight line, f/p - hobgoblin
Aim: a hobgoblin, wielding a +0 mace (severely wounded)
The magic dart hits the hobgoblin but does no damage.
The hobgoblin is severely wounded.
The jackal bites you. The hobgoblin closely misses you.
You hit the hobgoblin but do no damage.
The hobgoblin is severely wounded.
The jackal closely misses you. The hobgoblin hits you with a +0 mace.
The jackal barely misses you.
You hit the hobgoblin but do no damage.
The hobgoblin is severely wounded.
The jackal closely misses you. The hobgoblin hits you with a +0 mace.
* * * LOW HITPOINT WARNING * * *
As you read the scroll of teleportation, it crumbles to dust.
You feel strangely unstable. The jackal barely misses you.
The hobgoblin hits you with a +0 mace.
You die...

#.....#### ## #........####.
##########.....##......
#.............########.
#.########.#.## ## #.# ###.#
# #.# #.# # #.# #.##########
#.# #...........
####.#.#####################
#...).g..sh@g....#
..################# ## .#
##### #### .# #...# #..#
##.# #...# #..# #..#
####...####..###.####


You could see a jackal, a giant cockroach, a hobgoblin and a goblin.

Vanquished Creatures
  A leopard gecko (D:1)
  A hobgoblin (D:1)
  A bat (D:1)
3 creatures vanquished.

Notes
Turn   | Place    | Note
-------+----------+-------------------------------------------
     0 | D:1      | Gorlak the Human Conjurer began the quest for the Orb.
     0 | D:1      | Reached XP level 1. HP: 13/13 MP: 3/3
   280 | D:1      | Slain by a hobgoblin

Levels and vault maps discovered:
D:1:      lemuel_arrival_broad_hall, layout_loops_ring, minmay_misc_feat_rugged,
          roderic_serpentine_path

Action                   || total
-------------------------++-------
Melee: Dagger            ||     3
 Cast: Magic Dart        ||    10
  Use: Scroll            ||     3
Dodge: Dodged            ||     7

Table legend:
 A = Non-vault XP
 B = Vault XP
 C = Vault XP percentage of total XP
 D = Non-vault monster count
 E = Vault monster count
 F = Vault count percentage of total count
                 A         B        C        D         E       F
            +---------+---------+-------+---------+---------+-------
      Total |       6 |       0 |   0.0 |       3 |       0 |   0.0
            +---------+---------+-------+---------+---------+-------
        D:1 |       6 |       0 |   0.0 |       3 |       0 |   0.0
            +---------+---------+-------+---------+---------+-------
